 Dungeon Crawl Stone Soup version 0.13.0-17-g5f0e85f (webtiles) character file.

742 HungrySpirit the Ducker (level 6, -14/23 (26) HPs)
             Began as a Felid Warper on Oct 21, 2013.
             Was a Follower of Nemelex Xobeh.
             Demolished by an ogre
             ... wielding a +0,+0 dire flail
              (22 damage)
             ... on Level 6 of the Dungeon.
             The game lasted 00:15:01 (6601 turns).

HungrySpirit the Ducker (Felid Warper)              Turns: 6601, Time: 00:15:02

HP -14/23 (26)   AC  2     Str  7      XL: 6   Next: 23%
MP  13/13        EV 22     Int 14      God: Nemelex Xobeh [*.....]
Gold 418         SH  0     Dex 18      Spells:  1 memorised,  8 levels left
Lives: 0, deaths: 1

Res.Fire  : . . .   See Invis. : +     - Unarmed
Res.Cold  : . . .   Warding    : .   (armour unavailable)
Life Prot.: . . .   Conserve   : .   (shield unavailable)
Res.Poison: .       Res.Corr.  : .   (helmet unavailable)
Res.Elec. : .       Clarity    : .   (cloak unavailable)
Sust.Abil.: . .     Spirit.Shd : .   (gloves unavailable)
Res.Mut.  : .       Stasis     : .   (boots unavailable)
Res.Rott. : .       Flight     : .   (no amulet)
Saprovore : . . .                    (no ring)
                                     i - ring of protection from magic

@: drained, quick, quite resistant to hostile enchantments, very stealthy
A: paw claws, no armour, no advanced items, fangs 3, see invisible, carnivore 3,
speed 1, slow metabolism 1, AC +2
a: Draw One, Renounce Religion


You were on level 6 of the Dungeon.
You worshipped Nemelex Xobeh.
Nemelex Xobeh was aware of your devotion.
You were not hungry.

You visited 2 branches of the dungeon, and saw 7 of its levels.

You collected 368 gold pieces.

Inventory:

Comestibles
 g - 5 meat rations
Scrolls
 d - 3 scrolls of blinking
 e - a scroll of immolation {unknown}
 n - a scroll of recharging {unknown}
 s - a scroll of enchant armour {unknown}
 u - a scroll of amnesia {unknown}
Jewellery
 i - a ring of protection from magic (left paw)
 j - an uncursed ring of teleportation
Potions
 a - a potion of might {unknown}
 b - a potion of speed {unknown}
 f - a potion of cure mutation {unknown}
 k - 3 potions of curing
 m - 2 potions of heal wounds
 p - a potion of degeneration {unknown}
 t - a potion of paralysis {unknown}
Books
 c - a book of Spatial Translocations

   Spells                             Type                      Level
   *Apportation                       Translocation                1
   Portal Projectile                  Translocation                2
   Blink                              Translocation                2
   Shroud of Golubria                 Charms/Translocation         2
   Teleport Other                     Translocation                3
   Passage of Golubria                Translocation                4
Miscellaneous
 h - a plain deck of summonings {drawn: 1}


   Skills:
 - Level 2.0(1.7) Fighting
 * Level 6.9(6.5) Dodging
 * Level 5.7(5.3) Stealth
 + Level 3.3(3.0) Unarmed Combat
 - Level 2.0(1.7) Spellcasting
 - Level 4.4(4.0) Translocations
 + Level 0.0 Evocations


You had 8 spell levels left.
You knew the following spells:

 Your Spells              Type           Power        Failure   Level  Hunger
a - Apportation           Tloc           ##........   4%          1    ##.....


Dungeon Overview and Level Annotations

Branches:
Dungeon (6/27)             Temple (1/1) D:5
    Orc: D:6-11

Altars:
Cheibriados
Makhleb
Nemelex Xobeh
Okawaru
Sif Muna
Trog
Vehumet
Yredelemnul
Zin
the Shining One

Shops:
D:4 [[*=*

Annotations:
D:3 Crazy Yiuf, Terence
D:4 Impy's ghost, average DsGl
D:6 Blork the orc


Innate Abilities, Weirdness & Mutations

You cannot wear armour.
You are incapable of any advanced item manipulation.
Your paws have sharp claws.
You have razor-sharp teeth.
You have supernaturally acute eyesight.
You are carnivorous and can eat meat at any time.
You cover ground quickly.
You are covered in thick fur (AC +2).
You have a slow metabolism.


Message History

You scratch Blork the orc.
Blork the orc is heavily wounded.
Blork the orc barely misses you.
You barely miss Blork the orc.
Blork the orc is heavily wounded.
Blork the orc completely misses you.
You claw Blork the orc! Your bite misses Blork the orc.
Blork the orc is severely wounded.
You barely miss Blork the orc.
Blork the orc is severely wounded.
Blork the orc gestures at you while chanting.
The magic dart hits you! Blork the orc misses you. Blork the orc misses you.
You scratch Blork the orc.
Blork the orc is severely wounded.
The ogre hits you with a dire flail!
Ouch! That really hurt!
You die...
Your body glows slightly and disappears.

###.#..#..#...O...#.#.#
#..#..#.###..##.#.#
##.#..#.#.......#.#
#..#.####.####.# #..#.#
### #.# #..#.# #.#
#######..#.. ..#
.......oO### ###
########@# .........#
#########


You could see Blork the orc (bleeding) and an ogre.

Vanquished Creatures
  A necrophage (D:5)
  A crimson imp (D:5)
  An orc priest (D:4)
  2 iguanas (D:5)
  An orc wizard (D:6)
  Ijyb (D:2)
  7 adders
  A giant mite (D:4)
  A worm (D:1)
  An ooze (D:1)
  15 orcs
  2 ball pythons (D:3)
  A giant cockroach (D:1)
  10 goblins
  7 hobgoblins
  11 kobolds
  2 quokkas
  7 bats
  A giant gecko (D:1)
  9 giant newts
  7 rats
  A rat zombie (D:5)
90 creatures vanquished.

Vanquished Creatures (others)
  A dancing weapon (D:6)
1 creature vanquished.

Grand Total: 91 creatures vanquished

Notes
Turn   | Place    | Note
--------------------------------------------------------------
     0 | D:1      | HungrySpirit, the Felid Warper, began the quest for the Orb.
     0 | D:1      | Reached XP level 1. HP: 9/9 MP: 2/2
   452 | D:1      | Reached skill level 1 in Stealth
   467 | D:1      | Reached XP level 2. HP: 12/12 MP: 4/4
  1562 | D:2      | Reached XP level 3. HP: 11/15 MP: 6/6
  2200 | D:2      | Noticed Ijyb
  2220 | D:2      | Killed Ijyb
  2220 | D:2      | Reached skill level 5 in Dodging
  2220 | D:2      | Reached XP level 4. HP: 15/19 MP: 9/9
  2972 | D:3      | Noticed Terence
  2979 | D:3      | Noticed a phantom
  3511 | D:3      | Noticed Crazy Yiuf
  4357 | D:4      | Found Psesuadgh's General Store.
  4447 | D:4      | Found Saukke's General Store.
  4463 | D:4      | Reached XP level 5. HP: 22/22 MP: 10/10
  4466 | D:4      | Found Unejaklustri's Jewellery Boutique.
  4999 | D:4      | HP: 1/22 [orc wizard/orcish dagger (2)]
  5009 | D:4      | Slain by an orc wizard
  5010 | D:4      | Reached XP level 4. HP: 0/19 MP: 9/9
  5075 | D:4      | Noticed Impy's ghost (average DsGl)
  5079 | D:4      | Found Feukkaet's Armour Shop.
  5087 | D:4      | Found Ghei's Armour Boutique.
  5251 | D:5      | Entered Level 5 of the Dungeon
  5283 | D:5      | Reached skill level 6 in Dodging
  5283 | D:5      | Reached XP level 5. HP: 22/22 MP: 10/10
  5359 | D:5      | Noticed an ogre
  5411 | D:5      | Noticed a necrophage
  5420 | D:5      | Reached skill level 5 in Stealth
  5586 | D:5      | Found a staircase to the Ecumenical Temple.
  5592 | Temple   | Entered the Ecumenical Temple
  5601 | Temple   | Became a worshipper of Nemelex Xobeh
  5633 | D:5      | Received a gift from Nemelex Xobeh
  5698 | D:5      | Killed a necrophage
  5698 | D:5      | Gained mutation: You are covered in thick fur (AC +2). [growing up]
  5698 | D:5      | Reached XP level 6. HP: 14/23 MP: 13/13
  5821 | D:5      | Gained mutation: You are robust (+10% HP). [potion of mutation]
  5821 | D:5      | Lost mutation: You are robust (+10% HP). [potion of mutation]
  5970 | D:6      | HP: 1/23 [ogre zombie (9)]
  6003 | D:6      | Acquired Nemelex Xobeh's first power
  6406 | D:6      | Noticed a manticore
  6444 | D:6      | Received a gift from Nemelex Xobeh
  6586 | D:6      | Noticed Blork the orc
  6601 | D:6      | Demolished by an ogre

Action                   |  1- 3 |  4- 6 || total
-------------------------+-------+-------++-------
Melee: Unarmed           |   132 |   230 ||   362
Evoke: Deck              |       |     9 ||     9
  Use: Scroll            |     4 |     6 ||    10
       Potion            |     2 |     4 ||     6
 Stab: Sleeping          |     8 |    14 ||    22
       Distracted        |       |     1 ||     1
